 Dungeon Crawl Stone Soup version 0.22.0-38-g04b72b8 (webtiles) character file.

338 Lew the Ducker (level 6, -5/47 HPs)
             Began as an Octopode Fighter on Aug 29, 2018.
             Slain by Sigmund
             ... wielding a +0 scythe
              (9 damage)
             ... on level 4 of the Dungeon.
             The game lasted 00:03:52 (2739 turns).

Lew the Ducker (Octopode Fighter)                   Turns: 2739, Time: 00:03:53

Health: -5/47      AC:  3    Str: 15 (16) XL:     6   Next: 55%
Magic:  6/6        EV: 13    Int: 13 (14) God:
Gold:   48         SH:  9    Dex: 12 (13) Spells: 5/5 levels left

rFire    . . .     SeeInvis .   a - +0 war axe
rCold    + . .     Gourm    .   b - +0 shield
rNeg     . . .     Faith    .   (helmet restricted)
rPois    .         Spirit   .   (no amulet)
rElec    .         Reflect  .   k - ring of protection from cold
rCorr    .         Harm     .   e - +4 ring of intelligence
MR       .....                  (no ring)
Stlth    ++++......             (no ring)
HPRegen  0.15/turn              (no ring)
MPRegen  0.10/turn              (no ring)
                                (no ring)
                                (no ring)

@: no status effects
A: almost no armour, stealthy swim, amphibious, 8 rings, constrict 8, molten
scales 1, camouflage 1, robust 1, gelatinous body 1
a: no special abilities


You were on level 4 of the Dungeon.
You were not hungry.

You visited 1 branch of the dungeon, and saw 4 of its levels.

You collected 48 gold pieces.

Inventory:

Hand Weapons
 a - a +0 war axe (weapon)
Armour
 b - a +0 shield (worn)
Jewellery
 e - a +4 ring of intelligence (right tentacle)
 g - an uncursed ring of ice
 k - a ring of protection from cold (left tentacle)
Scrolls
 h - a scroll of magic mapping
 j - a scroll of teleportation
 l - a scroll of remove curse
Potions
 c - 2 potions of might
 i - a potion of flight
Comestibles
 d - 3 rations


   Skills:
 + Level 3.6 Fighting
 + Level 2.9 Axes
 * Level 4.4 Dodging
 * Level 4.4 Stealth
 * Level 4.3 Shields


You had 5 spell levels left.
You didn't know any spells.
Your spell library was empty.

Dungeon Overview and Level Annotations

Branches:
Dungeon (4/15)
 Temple: D:4-7

Altars:

Annotations:
D:4 Sigmund


Innate Abilities, Weirdness & Mutations

You cannot wear most types of armour.
You are very stealthy in the water. (Stealth+)
You are amphibious.
You can wear up to eight rings at the same time.
You can use your tentacles to constrict eight enemies at once.
Your skin changes colour to match your surroundings (Stealth+).
Your rubbery body absorbs attacks. (AC +1, EV +1)
You are partially covered in molten scales. (AC +2)
You are robust. (+10% HP)


Message History

You are too confused!
You are too confused!
You are too confused!
Something hits you! Something barely misses you. Something hits you!
You closely miss something. You squeeze something!
You feel less confused. Something barely misses you.
You closely miss something. Something barely misses you.
You barely miss something. You squeeze something. Something hits you!
* * * LOW HITPOINT WARNING * * *
You slash something! Your squeeze misses something. Something hits you!
* * * LOW HITPOINT WARNING * * *
It was a potion of degeneration.
There was something very wrong with that liquid.
You feel weakened.
You feel dopey.
You feel clumsy. You block something's attack.
You closely miss something. You squeeze something! Something hits you!
You die...

#...).<...# ####
#.........# ##...
#.........# ##....
#.......?.# #.....
#.........# #.....
#.........# #.....
#.....†...# #.....
#...@)....# #.....
#..{.†....# #####.... .
#.........###........
....#....................
.........#.##########.....
#.......##.# #.....
#....####..# #..... #....
...# #..... ..... ....#
##....


There were no monsters in sight!

Vanquished Creatures
  An ice beast (D:3)
  An ogre (D:4)
  A hound (D:2)
  Crazy Yiuf (D:2)
  3 adders
  An ooze (D:3)
  2 worms (D:2)
  A dart slug (D:2)
  2 orcs (D:4)
  14 bats
  4 giant cockroaches
  5 goblins
  7 hobgoblins
  4 jackals (D:1)
  2 quokkas (D:3)
  4 frilled lizards
  7 kobolds
  9 rats
69 creatures vanquished.

Notes
Turn   | Place    | Note
-------+----------+-------------------------------------------
     0 | D:1      | Lew the Octopode Fighter began the quest for the Orb.
     0 | D:1      | Reached XP level 1. HP: 16/16 MP: 1/1
   230 | D:1      | Reached skill level 1 in Stealth
   260 | D:1      | Reached XP level 2. HP: 18/21 MP: 2/2
   782 | D:1      | Reached XP level 3. HP: 22/26 MP: 3/3
  1133 | D:2      | Gained mutation: You are partially covered in molten scales. (AC +2) [potion of mutation]
  1133 | D:2      | Gained mutation: You are robust. (+10% HP) [potion of mutation]
  1240 | D:2      | Found a runed door.
  1423 | D:2      | Reached XP level 4. HP: 21/34 MP: 4/4
  1994 | D:2      | Noticed Crazy Yiuf
  1999 | D:2      | Killed Crazy Yiuf
  1999 | D:2      | Reached XP level 5. HP: 30/39 MP: 5/5
  2129 | D:3      | Noticed an ice beast
  2142 | D:3      | Killed an ice beast
  2408 | D:3      | Reached XP level 6. HP: 46/46 MP: 6/6
  2677 | D:3      | You fall through a shaft!
  2719 | D:4      | Noticed Sigmund
  2739 | D:4      | Slain by Sigmund

Skill      XL: |  1  2  3  4  5  6 |
---------------+-------------------+-----
Stealth        | 1 2 3 4 |  4.4
Dodging        | 4 |  4.4
Shields        | 4 |  4.3
Fighting       | |  3.6
Axes           | |  2.9

Action                   |  1- 3 |  4- 6 || total
-------------------------+-------+-------++-------
Melee: War axe           |    68 |    71 ||   139
       Constrict         |    14 |    15 ||    29
       Tentacles         |    12 |    16 ||    28
  Use: Potion            |     4 |     3 ||     7
       Scroll            |     1 |     5 ||     6
 Stab: Sleeping          |     7 |    11 ||    18
  Eat: Chunk             |     1 |     5 ||     6
Armor: Skin              |    14 |    11 ||    25
Dodge: Dodged            |    57 |    43 ||   100
Block: Shield            |    32 |    30 ||    62
